 Dungeon Crawl Stone Soup version 0.31-a0-851-g7ff8af7976 (webtiles) character file.

Game seed: 7256271703078886845

24 kae the Chopper (level 3, 0/31 HPs)
             Began as a Hill Orc Fighter on Oct 6, 2023.
             Slain by a gnoll
             ... wielding a +0 whip of electrocution
              (7 damage)
             ... on level 2 of the Dungeon.
             The game lasted 00:00:23 (783 turns).

kae the Chopper (Hill Orc Fighter)                   Turns: 783, Time: 00:00:23

Health: 0/31       AC: 10    Str: 20    XL:     3   Next: 2%
Magic:  3/3        EV:  9    Int:  8    God:
Gold:   56         SH:  5    Dex: 16    Spells: 2/2 levels left

rFire   . . .        a - +0 war axe
rCold   . . .        c - +0 buckler
rNeg    . . .        b - +0 scale mail
rPois   .            (no helmet)
rElec   .            g - +0 cloak
rCorr   .            k - +1 pair of gloves
SInv    .            (no boots)
Will    .....        (no amulet) Stlth
                     D - +6 ring of dexterity
HPRegen 0.25/turn    (no ring)
MPRegen 0.08/turn

%: no passive effects
@: no status effects
A: no striking features
a: no special abilities


You were on level 2 of the Dungeon.
You visited 1 branch of the dungeon, and saw 2 of its levels.

You collected 56 gold pieces.


   Skills:
 - Level 3.6 Fighting
 + Level 4.5 Axes
 - Level 3.2 Armour
 - Level 3.2 Shields


You had 2 spell levels left.
You didn't know any spells.
Your spell library was empty.

Inventory:

Hand Weapons
 a - a +0 war axe (weapon)
Missiles
 e - 12 stones
 f - 5 poisoned darts
Armour
 b - a +0 scale mail (worn)
 c - a +0 buckler (worn)
 g - a +0 cloak (worn)
   (You found it on level 1 of the Dungeon)
 k - a +1 pair of gloves (worn)
   (You found it on level 1 of the Dungeon)
Jewellery
 D - a +6 ring of dexterity (left hand)
   (You found it on level 1 of the Dungeon)
Scrolls
 i - a scroll of immolation {unknown}
 j - a scroll of fear {unknown}
Potions
 d - a potion of might
 h - 2 potions of enlightenment {unknown}
 l - a potion of lignification {unknown}

Dungeon Overview and Level Annotations

Branches:
Dungeon (2/15) Zot: 11206

Altars:

#.. ######### #..
#..(..... #...
#........ ...
#........
...#........
#.#.g......
##########.ggg......
#........###@S......
#........##.#####...
#........##.#
##........'..#
..........##.#
##........##.#
#...........#
##...#####..#
#.###...#..#


You could see 4 gnolls and a ball python.


Message History

No target in view! 😎 HP[+4]
Your hp is fully restored (26).
A dart slug comes into view.
A dart slug is nearby!
The dart slug launches a dart at you. The slug dart misses you.
A dart slug is nearby!
You slash the dart slug!
You kill the dart slug!
No target in view!
j - a scroll labelled GURIFINUCI No target in view!
No target in view!
You see here a +0 spear.
A hobgoblin comes into view.
The hobgoblin shouts!
You see here 11 gold pieces.
A hobgoblin is nearby!
The hobgoblin hits you but does no damage.
You barely miss the hobgoblin. The hobgoblin hits you. 😕 HP[-1]
You take 1 damage, and now have 25/26 hp.
A hobgoblin is nearby!
You barely miss the hobgoblin. The hobgoblin completely misses you.
You slash the hobgoblin!
You kill the hobgoblin! 😎 HP[+1]
Your hp is fully restored (26).
You now have 56 gold pieces (gained 11).
A ball python comes into view.
The ball python hisses angrily.
You hit the ball python.
You kill the ball python!
You have reached level 3!
Your experience leads to an increase in your attributes!
Increase (S)trength, (I)ntelligence, or (D)exterity?
You feel stronger. x2 😎 HP[+5] MP[+1]
You now have 31 max hp (+5).
Your hp is fully restored (31).
Your mp is fully restored (3).
Done exploring.
Done exploring.
No target in view!
No target in view!
Done exploring.
No target in view!
No target in view!
Done exploring.
Search for what [Enter for "cloak", or ? for help]? glov You see here a +1 pair of gloves.
k - a +1 pair of gloves You start putting on your armour.
You continue putting on your +1 pair of gloves. x4
You finish putting on your +1 pair of gloves.
Done exploring.
Done exploring.
There is a stone staircase leading down here.
You climb downwards.
There is a stone staircase leading up here.
Okay, then.
l - a glowing emerald potion You feel agile.
D - a +6 ring of dexterity (left hand)
You open the door.
There is an open door here.
A gnoll comes into view.
It is wielding a +0 whip. 2 gnolls and a bat come into view.
A gnoll is wielding a +0 whip of electrocution.
The gnoll shouts! x2; You hear an angry hiss.
A gnoll comes into view. It is wielding a +0 halberd.
You slash the bat!
You kill the bat!
A ball python comes into view.
There are monsters nearby!
You see here a bat corpse.
You hit the gnoll but do no damage. The gnoll hits you but does no damage.
The gnoll completely misses you.
There are monsters nearby!
You slash the gnoll! x2
The gnoll hits you with a +0 whip of electrocution.
The gnoll hits you with a +0 whip.
You are too injured to fight recklessly! 😮 HP[-10]
You take 10 damage, and now have 21/31 hp.
MASSIVE DAMAGE!! (PAUSE)
You completely miss the gnoll. You hit the gnoll but do no damage.
A gnoll opens the door.
The gnoll hits you from afar with a +0 halberd.
The gnoll hits you but does no damage.
You are electrocuted!
* * * LOW HITPOINT WARNING * * *
You block the gnoll's attack. 😱 HP[-15]
You take 15 damage, and now have 6/31 hp.
MASSIVE DAMAGE!! (PAUSE)
You completely miss the gnoll. You hit the gnoll.
You closely miss the ball python. The gnoll barely misses you.
The gnoll hits you with a +0 whip of electrocution!
You die...

Skill      XL: |  1  2 |
---------------+-------+-----
Axes           | 3 4 |  4.5
Fighting       | |  3.6
Armour         | |  3.2
Shields        | |  3.2

Action                     || total
---------------------------++-------
  Melee: War axe           ||    33
 Armour: Scale mail        ||    18
  Dodge: Dodged            ||     9
  Block: Buckler           ||     5

Levels and vault maps discovered:
D:1:      dpeg_arrival_pits, layout_loops_ring
D:2:      layout_basic, minmay_misc_feat_cross, uniq_robin

Notes
Turn   | Place    | Note
-------+----------+-------------------------------------------
     0 | D:1      | kae the Hill Orc Fighter began the quest for the Orb.
     0 | D:1      | Reached XP level 1. HP: 19/19 MP: 1/1
     0 | D:1      | magus.rc [v1.11.3]
    34 | D:1      | Reached skill level 3 in Axes
   120 | D:1      | Reached XP level 2. HP: 26/26 MP: 2/2
   312 | D:1      | Reached skill level 4 in Axes
   612 | D:1      | Reached XP level 3. HP: 31/31 MP: 3/3
   782 | D:2      | HP: 6/31 [gnoll/+0 whip of electrocution (13)]
   783 | D:2      | Slain by a gnoll

Vanquished Creatures
  2 dart slugs (D:1)
  2 ball pythons (D:1)
  2 bats
  2 endoplasms (D:1)
  A goblin (D:1)
  4 hobgoblins (D:1)
  A frilled lizard (D:1)
  2 kobolds (D:1)
  2 rats (D:1)
18 creatures vanquished.

Table legend:
 A = Non-vault XP
 B = Vault XP
 C = Vault XP percentage of total XP
 D = Non-vault monster count
 E = Vault monster count
 F = Vault count percentage of total count
                 A         B        C        D         E       F
            +---------+---------+-------+---------+---------+-------
      Total |      35 |       0 |   0.0 |      18 |       0 |   0.0
            +---------+---------+-------+---------+---------+-------
        D:1 |      34 |       0 |   0.0 |      17 |       0 |   0.0
        D:2 |       1 |       0 |   0.0 |       1 |       0 |   0.0
            +---------+---------+-------+---------+---------+-------

Skill      XL: |  1  2 |
---------------+-------+-----
Axes           | 3 4 |  4.5
Fighting       | |  3.6
Armour         | |  3.2
Shields        | |  3.2

Action                     || total
---------------------------++-------
  Melee: War axe           ||    33
 Armour: Scale mail        ||    18
  Dodge: Dodged            ||     9
  Block: Buckler           ||     5

Illustrated notes

Table legend:
 A = Kills in this place as a percentage of kills in the entire game.
 B = Kills by you in this place as a percentage of kills by you in the entire game.
 C = Kills by friends in this place as a percentage of kills by friends in the entire game.
 D = Other kills in this place as a percentage of other kills in the entire game.
 E = Experience gained in this place as a percentage of experience gained in the entire game.
 F = Experience gained in this place divided by the number of levels of this place that you have seen.
                   A       B       C       D       E      F
               +-------+-------+-------+-------+-------+----------------------
         Total | 100.0 | 100.0 |   N/A |   N/A | 100.0 |  17.5
       Dungeon | 100.0 | 100.0 |   N/A |   N/A | 100.0 |  17.5
               +-------+-------+-------+-------+-------+----------------------

Table legend: (Time is in decaauts)
 A = Elapsed time spent in this place.
 B = Non-inter-level travel time spent in this place.
 C = Inter-level travel time spent in this place.
 D = Time resting spent in this place.
 E = Time spent auto-exploring this place.
 F = Levels seen in this place.
 G = Mean time per level.
                   A        B        C        D        E       F      G
               +--------+--------+--------+--------+--------+-----+--------+
         Total |    792 |    687 |    105 |      0 |    576 |   2 |  396.0 |
       Dungeon |    792 |    687 |    105 |      0 |    576 |   2 |  396.0 |
               +--------+--------+--------+--------+--------+-----+--------+

Top non-repeatable levels by time:
     D:1: 764 daAuts
     D:2: 28 daAuts
